[ AOE2 MATCH · #506746872 ]
UnrankedSpanish vs Bohemians
Player's team · WIN
Rival team · LOSS
[ REPLAY ANALYSIS · EXTRACTED FROM THE RECORDED GAME ]
Feudal
9:26
Castle
—
Imperial
—
| APM avg | 38.4 |
| APM peak | 82 |
| eAPM avg | 20.5 |
| Villagers / military | 37 / 4 |
Focus
⚔️ 30.8% · 🌾 69.2%
Scout Cavalry ×2 · Militia ×1 · Spearman ×1
Feudal
10:56
Castle
14:52
Imperial
—
| APM avg | 30.7 |
| APM peak | 51 |
| eAPM avg | 17.1 |
| Villagers / military | 37 / 3 |
Focus
⚔️ 32.2% · 🌾 67.8%
Mangonel ×2 · Spearman ×1
Match map
Initial resources + every placement click. Lines = walls · curves = elevation contours. ◆ gold · ⬟ stone · ● berries · ✦ relic · ◌ wall gap
Your base· ✓ Closed at 18:09 · 0t walls · 2 gate(s)
一胎佩斯-ZHE's base· ✓ Closed at 14:52 · 30t walls · 2 gate(s)
Smoothed initial terrain · ◌ = detected wall gap · hover for details
Inputs per minute
— maxymczech - - 一胎佩斯-ZHE
Build order — maxymczech
76 actions detected in the replay
| 0:00 | Create | Villager (Male) |
| 0:02 | Build | House |
| 0:03 | Build | House |
| 0:07 | Create | Villager (Male) ×3 |
| 1:21 | Create | Villager (Male) |
| 2:07 | Create | Villager (Male) |
| 2:07 | Create | Villager (Male) |
| 2:10 | Build | Lumber Camp |
| 2:39 | Create | Villager (Male) |
| 2:39 | Create | Villager (Male) |
| 2:40 | Create | Villager (Male) |
| 3:04 | Build | House |
| 3:07 | Build | House |
| 3:40 | Create | Villager (Male) ×2 |
| 3:48 | Create | Villager (Male) |
| 4:36 | Create | Villager (Male) |
| 5:11 | Build | Mill |
| 5:23 | Create | Villager (Male) |
| 5:24 | Create | Villager (Male) |
| 5:53 | Research | Loom |
| 6:01 | Create | Villager (Male) |
| 6:02 | Create | Villager (Male) |
| 6:02 | Research | Loom |
| 6:40 | Build | Mill |
| 7:05 | Research | Feudal Age |
| 7:05 | Research | Feudal Age |
| 7:31 | Build | Mining Camp |
| 7:51 | Create | Villager (Male) |
| 8:01 | Build | House |
| 8:02 | Build | House |
| 9:26 | Age | Feudal Age |
| 9:30 | Build | Watch Tower |
| 9:46 | Research | Double-Bit Axe |
| 9:47 | Create | Villager (Male) |
| 9:47 | Create | Villager (Male) |
| 9:54 | Research | Town Watch |
| 9:54 | Create | Villager (Male) |
| 10:14 | Create | Villager (Male) |
| 10:50 | Build | Blacksmith |
| 10:56 | Create | Villager (Male) |
| 10:57 | Create | Villager (Male) |
| 11:13 | Create | Villager (Male) |
| 11:31 | Research | Fletching |
| 11:52 | Build | Mill |
| 12:11 | Build | Watch Tower |
| 12:15 | Create | Villager (Male) |
| 12:54 | Create | Villager (Male) |
| 13:01 | Build | Market |
| 13:37 | Create | Villager (Male) |
| 13:37 | Create | Villager (Male) |
| 13:57 | Create | Villager (Male) |
| 14:00 | Build | Farm |
| 14:01 | Build | Farm |
| 14:02 | Build | Farm |
| 14:30 | Create | Villager (Male) |
| 14:31 | Build | Farm |
| 14:34 | Build | Farm |
| 14:37 | Build | House |
| 14:38 | Build | House |
| 14:45 | Build | Farm |
| 15:04 | Create | Villager (Male) |
| 15:08 | Build | Farm |
| 15:10 | Create | Villager (Male) |
| 16:09 | Create | Villager (Male) |
| 16:16 | Build | Watch Tower |
| 16:23 | Create | Villager (Male) |
| 17:12 | Create | Villager (Male) |
| 17:15 | Build | Barracks |
| 18:09 | Research | Castle Age |
| 18:10 | Research | Castle Age |
| 18:13 | Build | Stable |
| 18:21 | Create | Spearman |
| 18:27 | Build | Farm |
| 18:40 | Create | Scout Cavalry |
| 18:44 | Create | Militia |
| 19:17 | Create | Scout Cavalry |
Build order — 一胎佩斯-ZHE
78 actions detected in the replay
| 0:00 | Create | Villager (Male) |
| 0:01 | Create | Villager (Male) |
| 0:01 | Create | Villager (Male) |
| 0:01 | Create | Villager (Male) |
| 0:02 | Build | House |
| 0:04 | Build | House |
| 1:26 | Create | Villager (Male) |
| 1:26 | Create | Villager (Male) |
| 1:49 | Build | Lumber Camp |
| 1:55 | Create | Villager (Male) |
| 2:13 | Create | Villager (Male) |
| 2:13 | Create | Villager (Male) |
| 2:44 | Create | Villager (Male) |
| 3:12 | Create | Villager (Male) |
| 3:28 | Build | House |
| 3:30 | Build | House |
| 3:36 | Create | Villager (Male) |
| 3:54 | Create | Villager (Male) |
| 4:15 | Build | Mill |
| 4:21 | Create | Villager (Male) |
| 4:21 | Create | Villager (Male) |
| 4:39 | Build | House |
| 4:44 | Create | Villager (Male) |
| 4:44 | Create | Villager (Male) |
| 5:07 | Create | Villager (Male) |
| 5:08 | Create | Villager (Male) |
| 5:50 | Create | Villager (Male) |
| 5:50 | Create | Villager (Male) |
| 6:02 | Build | Farm |
| 6:07 | Build | Farm |
| 6:07 | Create | Villager (Male) |
| 6:23 | Create | Villager (Male) |
| 6:24 | Create | Villager (Male) |
| 6:24 | Create | Villager (Male) |
| 6:24 | Create | Villager (Male) |
| 7:14 | Build | Lumber Camp |
| 7:45 | Build | Farm |
| 7:52 | Create | Villager (Male) |
| 8:33 | Build | Mining Camp |
| 8:43 | Research | Feudal Age |
| 9:05 | Create | Villager (Male) |
| 9:05 | Create | Villager (Male) |
| 9:29 | Build | Palisade Wall |
| 9:30 | Build | Palisade Wall |
| 9:33 | Build | Palisade Wall |
| 9:36 | Build | Palisade Wall |
| 10:21 | Build | Palisade Wall |
| 10:26 | Build | Palisade Wall |
| 10:41 | Build | Palisade Wall |
| 10:56 | Age | Feudal Age |
| 11:08 | Build | Market |
| 11:18 | Build | Blacksmith |
| 11:27 | Build | Palisade Wall |
| 12:12 | Research | Castle Age |
| 12:40 | Build | Watch Tower |
| 13:28 | Research | Double-Bit Axe |
| 14:42 | Research | Horse Collar |
| 14:52 | Age | Castle Age |
| 14:56 | Build | Siege Workshop |
| 15:02 | Build | Barracks |
| 15:11 | Create | Villager (Male) |
| 15:22 | Create | Mangonel |
| 15:31 | Create | Spearman |
| 15:38 | Build | Palisade Wall |
| 15:47 | Build | Palisade Wall |
| 15:50 | Build | Palisade Wall |
| 15:53 | Create | Villager (Male) |
| 16:28 | Create | Mangonel |
| 17:02 | Build | Farm |
| 17:03 | Create | Villager (Male) |
| 17:11 | Build | House |
| 17:17 | Research | Loom |
| 17:44 | Create | Villager (Male) |
| 17:48 | Create | Villager (Male) |
| 18:02 | Build | University |
| 18:03 | Create | Villager (Male) |
| 18:32 | Create | Villager (Male) |
| 18:56 | Create | Villager (Male) |
Match timeline
| 9:26 | maxymczech · age_up feudal |
| 9:29 | 一胎佩斯-ZHE · wall_segment Palisade Wall x1 |
| 9:30 | 一胎佩斯-ZHE · wall_segment Palisade Wall x1 |
| 9:33 | 一胎佩斯-ZHE · wall_segment Palisade Wall x1 |
| 9:36 | 一胎佩斯-ZHE · wall_segment Palisade Wall x1 |
| 10:21 | 一胎佩斯-ZHE · wall_segment Palisade Wall x9 |
| 10:26 | 一胎佩斯-ZHE · wall_segment Palisade Wall x7 |
| 10:41 | 一胎佩斯-ZHE · wall_segment Palisade Wall x9 |
| 10:56 | 一胎佩斯-ZHE · age_up feudal |
| 11:27 | 一胎佩斯-ZHE · wall_segment Palisade Wall x1 |
| 14:52 | 一胎佩斯-ZHE · age_up castle |
| 14:56 | 一胎佩斯-ZHE · first_building Siege Workshop |
| 15:02 | 一胎佩斯-ZHE · first_building Barracks |
| 15:21 | 一胎佩斯-ZHE · first_market_buy 100 wood |
| 15:38 | 一胎佩斯-ZHE · wall_segment Palisade Wall x1 |
| 15:47 | 一胎佩斯-ZHE · wall_segment Palisade Wall x6 |
| 15:50 | 一胎佩斯-ZHE · wall_segment Palisade Wall x6 |
| 16:10 | 一胎佩斯-ZHE · first_market_sell 100 food |
| 17:15 | maxymczech · first_building Barracks |
| 18:13 | maxymczech · first_building Stable |
| 19:24 | 一胎佩斯-ZHE · resign |
[ AI ANALYSIS · 1 CREDIT ]
What really happened in this match?
Wolo.gg analyzes every decision: build order, eco, micro, common mistakes by bracket. Personalized analysis on WhatsApp or Discord in 30 seconds.
Civ guide
Spanish
Perfil
maxymczech